 Dungeon Crawl Stone Soup version 0.26.0-20-g3ca415f5b8 (webtiles) character file.

Game seed: 9299440252742347257

1704 thiole the Shield-Bearer (level 9, 0/61 HPs)
             Began as an Octopode Hedge Wizard on Jan 25, 2021.
             Was an Initiate of Gozag.
             Slain by a slime creature (17 damage)
             ... on level 7 of the Dungeon.
             The game lasted 00:16:50 (8393 turns).

thiole the Shield-Bearer (Octopode Hedge Wizard)    Turns: 8393, Time: 00:16:51

Health: 0/61       AC:  1    Str: 10    XL:     9   Next: 3%
Magic:  15/15      EV: 12    Int: 15    God:    Gozag
Gold:   613        SH: 12    Dex: 17    Spells: 10/16 levels left

rFire    + . .     SeeInvis .   p - +2 spear (flame)
rCold    + . .     Faith    .   r - +2 kite shield
rNeg     + . .     Spirit   .   b - +0 hat
rPois    .         Reflect  .   (no amulet)
rElec    .         Harm     .   m - ring of Riamu {rF+ rC+ rN+ Int-4 Dex+6}
rCorr    .         Rampage  .   (no ring)
Will     .....                  (no ring)
Stlth    ++++......             (no ring)
HPRegen  0.20/turn              (no ring)
MPRegen  0.14/turn              (no ring)
                                (no ring)
                                (no ring)

@: no status effects
A: almost no armour, stealthy swim, amphibious, 8 rings, constrict 8, camouflage
1, gelatinous body 1
a: Renounce Religion, Potion Petition, Call Merchant, Bribe Branch


You were on level 7 of the Dungeon.
You worshipped Gozag.
Gozag was pleased with you.
You visited 1 branch of the dungeon, and saw 7 of its levels.
You also visited: Sewer.

You collected 706 gold pieces.
You paid 93 gold pieces to Gozag.

Inventory:

Hand Weapons
 a - a +0 dagger
 p - a +2 spear of flaming (weapon)
Armour
 b - a +0 hat (worn)
 r - a +2 kite shield (worn)
Jewellery
 l - an uncursed ring of protection from cold {unknown}
 m - the ring of Riamu (left tentacle) {rF+ rC+ rN+ Int-4 Dex+6}
   (You found it on level 7 of the Dungeon)

   [ring of protection from fire]

   It affects your intelligence (-4).
   It affects your dexterity (+6).
   It protects you from fire.
   It protects you from cold.
   It protects you from negative energy.
 q - an uncursed ring of ice
 t - a +6 ring of dexterity {unknown}
Wands
 g - a wand of enslavement (8)
Scrolls
 c - a scroll of remove curse
 d - a scroll of brand weapon {unknown}
 e - a scroll of enchant armour {unknown}
 f - 3 scrolls of teleportation
 j - a scroll of random uselessness {unknown}
 k - a scroll of identify
 s - a scroll of amnesia
 u - a scroll of blinking {unknown}
Potions
 h - 2 potions of haste
 i - a potion of magic
 n - a potion of might
 o - 4 potions of curing
 v - a potion of invisibility


   Skills:
 + Level 5.5 Fighting
 - Level 2.0 Dodging
 - Level 4.0 Stealth
 * Level 7.9 Shields
 - Level 4.0 Spellcasting
 - Level 2.0 Conjurations
 - Level 2.0 Summonings
 - Level 1.0 Translocations
 - Level 2.0 Air Magic
 - Level 2.0 Poison Magic


You had 10 spell levels left.
You knew the following spells:

 Your Spells              Type           Power        Failure   Level
a - Magic Dart            Conj           36%          19%         1
b - Call Imp              Summ           9%           28%         2
c - Mephitic Cloud        Conj/Pois/Air  9%           50%         3

Your spell library contained the following spells:

 Spells                   Type           Power        Failure   Level
 Summon Small Mammal      Summ           36%          19%         1
 Apportation              Tloc           12%          28%         1
 Searing Ray              Conj           18%          28%         2
 Animate Skeleton         Necr           6%           41%         1
 Corona                   Hex            3%           41%         1
 Blink                    Tloc           N/A          41%         2
 Static Discharge         Conj/Air       9%           50%         3
 Slow                     Hex            3%           54%         2
 Conjure Flame            Conj/Fire      6%           65%         3
 Dazzling Flash           Conj/Hex       12%          65%         3
 Lesser Beckoning         Tloc           3%           65%         3
 Tukima's Dance           Hex            3%           78%         3
 Iskenderun's Mystic Bla  Conj/Tloc      7%           93%         4
 Fulminant Prism          Conj/Hex       3%           96%         4
 Lightning Bolt           Conj/Air       4%           99%         5
 Alistair's Intoxication  Tmut/Pois      4%           100%        5
 Invisibility             Hex            3%           100%        6
 Ignition                 Fire           1%           100%        8
 Shatter                  Erth           1%           100%        9
 Tornado                  Air            4%           100%        9


Dungeon Overview and Level Annotations

Branches:
Dungeon (7/15)              Sewer (visited)
 Temple: D:4-7

Altars:
Ashenzari
Fedhas
Gozag
Hepliaklqana
Kikubaaqudgha
Makhleb
Ru
Wu Jian
The Shining One

Annotations:
D:5 1 runed translucent door, kaeus's ghost, novice OpTm
D:6 2 transporters, Sweeb's ghost, novice DECj
D:7 Maggie


Innate Abilities, Weirdness & Mutations

You cannot wear most types of armour.
You are very stealthy in the water. (Stealth+)
You are amphibious.
You can wear up to eight rings at the same time.
You can use your tentacles to constrict eight enemies at once.
Your skin changes colour to match your surroundings (Stealth+).
Your rubbery body absorbs attacks. (AC +1, EV +1)


Message History

Aim: a slime creature (moderately wounded)
You hit the slime creature. You burn the slime creature.
The slime creature is heavily wounded.
The slime creature hits you!
Reach: p) +2 spear (flame)
Press: ? - help, Dir - move target, f/p - slime creature
Aim: a slime creature (heavily wounded)
You hit the slime creature. You burn the slime creature.
The slime creature is heavily wounded.
The slime creature hits you!
* * * LOW HITPOINT WARNING * * *
An orc comes into view. It is wielding a +0 flail.
Reach: p) +2 spear (flame)
Press: ? - help, Dir - move target, f/p - slime creature
Aim: a slime creature (heavily wounded)
You hit the slime creature. You burn the slime creature.
The slime creature is heavily wounded.
The slime creature hits you!
You die...
Your body crumbles into a pile of gold.

##.####.#.#.#.#.##.....#.
.......#.#.#.#.#....#..#.
$ ###)#.#.#.#.##.....#.
#.#.#.#.#.#.#.....#.
######(#.#.#.#.####.###.
.....##.#.#.#.##........
......##.#)#.##.........
#.....J###.###..#'######
#......@.o.....#........
#..............#........
#......#####...#.>......
#...... #............
#...... #............
#...... #...##.#####.
#...... #...##.# #.
#...... #...##.# #.
#...##.# ##


You could see a slime creature and an orc.

Vanquished Creatures
  Eustachio (D:4)
  A sky beast (D:6)
  2 ogres (D:7)
  A centaur (D:6)
  A big kobold (D:7)
  3 bullfrogs
  2 scorpions (D:6)
  A wight (D:7)
  A howler monkey (D:7)
  2 bullfrog zombies
  A centaur zombie (D:5)
  A centaur skeleton (D:7)
  4 hounds
  An iguana (D:6)
  An orc wizard (D:5)
  4 worker ants
  2 hound skeletons
  A worker ant zombie (D:7)
  8 adders
  A shadow imp (D:7)
  10 oozes
  4 ufetubi
  An adder skeleton (D:4)
  A worm (D:5)
  4 dart slugs
  9 leopard geckos
  6 orcs
  12 bats
  12 giant cockroaches
  10 goblins
  12 hobgoblins
  9 jackals
  3 quokkas
  15 ball pythons
  14 frilled lizards
  3 kobolds
  A leopard gecko skeleton (D:4)
  A quokka zombie (D:7)
  11 rats
177 creatures vanquished.

Vanquished Creatures (others)
  A bullfrog (D:7)
1 creature vanquished.

Grand Total: 178 creatures vanquished

Notes
Turn   | Place    | Note
-------+----------+-------------------------------------------
     0 | D:1      | thiole the Octopode Hedge Wizard began the quest for the
                  | Orb.
     0 | D:1      | Reached XP level 1. HP: 11/11 MP: 4/4
   211 | D:1      | Reached XP level 2. HP: 17/17 MP: 0/6
   725 | D:1      | Reached XP level 3. HP: 21/21 MP: 5/7
  1025 | D:1      | Learned a level 2 spell: Call Imp
  1029 | D:1      | Learned a level 3 spell: Mephitic Cloud
  2206 | D:2      | Reached XP level 4. HP: 27/27 MP: 5/9
  2764 | D:3      | Found a blossoming altar of Fedhas.
  2930 | D:3      | Reached skill level 1 in Shields
  2944 | D:3      | Reached XP level 5. HP: 14/32 MP: 10/10
  3270 | D:3      | Found a burning altar of Makhleb.
  3349 | D:3      | Reached skill level 1 in Air Magic
  3375 | D:3      | Reached skill level 1 in Fighting
  3654 | D:4      | Noticed Eustachio
  3667 | D:4      | Killed Eustachio
  3668 | D:4      | Reached skill level 2 in Shields
  3668 | D:4      | Reached XP level 6. HP: 20/39 MP: 11/11
  3818 | D:4      | Found a glowing drain.
  3844 | Sewer    | Entered a sewer
  3970 | Sewer    | Reached skill level 3 in Shields
  4469 | Sewer    | Reached XP level 7. HP: 37/45 MP: 13/13
  4559 | Sewer    | Reached skill level 4 in Shields
  5011 | D:5      | Entered Level 5 of the Dungeon
  5176 | D:5      | Found a hazy altar of Hepliaklqana.
  5176 | D:5      | Found an opulent altar of Gozag.
  5176 | D:5      | Found a sacrificial altar of Ru.
  5256 | D:5      | Became a worshipper of Gozag Ym Sagoz the Greedy
  5283 | D:5      | Found a runed translucent door.
  5283 | D:5      | Noticed kaeus's ghost (novice OpTm)
  5343 | D:5      | Noticed a hornet
  5924 | D:6      | Reached skill level 5 in Shields
  6041 | D:6      | HP: 2/47 [poisoned by a scorpion]
  6049 | D:6      | HP: 2/47 [poisoned by a scorpion]
  6369 | D:6      | Reached XP level 8. HP: 43/54 MP: 14/14
  6469 | D:6      | Found a transporter.
  6469 | D:6      | Noticed Sweeb's ghost (novice DECj)
  6472 | D:6      | Noticed a wraith
  6479 | D:6      | Found a transporter.
  6515 | D:6      | Reached skill level 6 in Shields
  7170 | D:6      | Found an ornate altar of the Wu Jian Council.
  7447 | D:7      | Reached skill level 1 in Poison Magic
  7637 | D:7      | Found a broken altar of Ashenzari.
  7755 | D:7      | Reached skill level 7 in Shields
  7755 | D:7      | Noticed a slime creature
  7807 | D:7      | Found a hazy altar of Hepliaklqana.
  7808 | D:7      | Got a clouded bronze ring
  7813 | D:7      | Noticed a yak
  7816 | D:7      | Noticed a yak
  7819 | D:7      | Found a sacrificial altar of Ru.
  7820 | D:7      | Noticed Maggie
  7821 | D:7      | Found a glowing golden altar of the Shining One.
  7821 | D:7      | Found an ancient bone altar of Kikubaaqudgha.
  7825 | D:7      | Identified the ring of Riamu {rF+ rC+ rN+ Int-4 Dex+6} (You
                  | found it on level 7 of the Dungeon)
  8125 | D:7      | Reached skill level 5 in Fighting
  8330 | D:7      | Reached XP level 9. HP: 57/61 MP: 15/15
  8393 | D:7      | Slain by a slime creature

Illustrated notes

Levels and vault maps discovered:
D:1:      lemuel_arrival_funnel, layout_basic
D:2:      layout_basic
D:3:      layout_basic, overflow_temple_1_default, bloody_makhleb, serial_glass,
          glass_columns_a, glass_columns_b, kennysheep_generic_room_8
D:4:      layout_basic, portal_sewer_entry_c, dk_noncrumbling_2,
          chequers_serial_rivers_small_3, uniq_eustachio
D:5:      layout_layer_cave, minitemple, temple_statues,
          hellmonk_ghost_happy_afterlife
D:6:      layout_basic, nzn_wu_jian_contemplation, gammafunk_ghost_mausoleum
D:7:      minmay_the_grid_octo_tiled_squarecenter [minmay_the_grid_octo_focus,
          minmay_the_grid_octo_shrine, minmay_the_grid_octo_checkered,
          minmay_the_grid_octo_77, minmay_the_grid_square_5x5_megaprize_diamond,
          minmay_the_grid_square_5x5_plus, minmay_the_grid_square_5x5_corner,
          minmay_the_grid_square_5x5_misaligned,
          minmay_the_grid_square_5x5_one_wall], layout_basic,
          nicolae_ashenzari_panopticon, uniq_maggie

Skill      XL: |  1  2  3  4  5  6  7  8 |
---------------+-------------------------+-----
Stealth        | 3 4 |  4.0
Conjurations   | 2 |  2.0
Summonings     | 2 |  2.0
Shields        | 1 2 3 5 7 |  7.9
Air Magic      | 1 2 |  2.0
Fighting       | 1 2 3 5 |  5.5
Spellcasting   | 4 |  4.0
Poison Magic   | 2 |  2.0
Dodging        | |  2.0
Translocations | |  1.0

Action                   |  1- 3 |  4- 6 |  7- 9 || total
-------------------------+-------+-------+-------++-------
Melee: Dagger            |    47 |     2 |       ||    49
       Constrict         |    14 |    29 |    31 ||    74
       Tentacles         |     8 |    17 |    39 ||    64
       Spear             |       |   173 |   237 ||   410
 Cast: Magic Dart        |    74 |    14 |    10 ||    98
  Use: Scroll            |       |     4 |    15 ||    19
       Potion            |       |       |     3 ||     3
 Stab: Sleeping          |       |    19 |     8 ||    27
       Distracted        |       |       |     1 ||     1
Armor: Skin              |     3 |     8 |    27 ||    38
Dodge: Dodged            |    36 |    47 |    67 ||   150
Block: Kite shield       |       |    62 |   103 ||   165
